 Dungeon Crawl Stone Soup version 0.13-a0-2116-g5cefd36 (webtiles) character file.

57 JacquesDerrida the Ruffian (level 2, 24/24 HPs)
             Began as a Gargoyle Monk on June 27, 2013.
             Was a Believer of Nemelex Xobeh.
             Quit the game on Level 2 of the Dungeon.
             The game lasted 00:02:00 (643 turns).

JacquesDerrida the Ruffian (Gargoyle Monk)           Turns: 643, Time: 00:02:00

HP  24/24        AC  2     Str 14      XL: 2   Next: 66%
MP   1/1         EV 12     Int 10      God: Nemelex Xobeh [**....]
Gold 39          SH  0     Dex 12      Spells:  0 memorised,  1 level left

Res.Fire  : . . .   See Invis. : .     - Unarmed
Res.Cold  : + . .   Warding    : .   a - +0 robe
Life Prot.: + . .   Conserve   : .   (no shield)
Res.Poison: .       Res.Corr.  : .   (no helmet)
Res.Elec. : .       Clarity    : .   (no cloak)
Sust.Abil.: . .     Spirit.Shd : .   (no gloves)
Res.Mut.  : .       Rnd.Telep. : +   (no boots)
Res.Rott. : .       Flight     : +   (no amulet)
Saprovore : . . .                    (no ring)
                                     h - cursed ring of teleportation

@: about to teleport, flying, hasted, very quick, not resistant to hostile
enchantments, unstealthy
A: fangs 1, talons 2, cold resistance 1, life protection 1, slow metabolism 1,
petrification resistance, trample resistance
a: Draw One, Peek at Two, Renounce Religion, Evoke Teleportation


You were on level 2 of the Dungeon.
You worshipped Nemelex Xobeh.
Nemelex Xobeh was greatly pleased with you.
You were not hungry.

You visited 1 branch of the dungeon, and saw 2 of its levels.

You collected 39 gold pieces.

Inventory:

Armour
 a - a +0 robe (worn)
Comestibles
 g - 2 rotting chunks of hobgoblin flesh
Scrolls
 j - a scroll of teleportation
Jewellery
 e - an uncursed ring of fire
 h - a cursed ring of teleportation (left hand)


   Skills:
 - Level 3.2 Fighting
 - Level 2.6 Dodging
 - Level 2.1 Stealth
 + Level 5.2 Unarmed Combat


You had one spell level left.
You didn't know any spells.

Dungeon Overview and Level Annotations

Branches:
Dungeon (2/27)

Altars:
Nemelex Xobeh


Innate Abilities, Weirdness & Mutations

You have very sharp teeth.
You have razor-sharp toenails.
Your flesh is cold resistant.
You resist negative energy.
You have a slow metabolism.
You are immune to petrification.
You are resistant to trampling.


Message History

The blue potion disappears without a glow.
Nemelex Xobeh is most pleased with you.
Unknown command.
You see here a ball python corpse.
You draw a card...
It is Solitude.
The air shimmers briefly around you.
You draw a card...
It is Swap.
You spin around.
You draw a card...
It is Swap.
You spin around.
You draw a card...
It is Velocity.
You feel yourself speed up.
You draw a card...
It is the Portal.
You feel strangely unstable.
You draw a card...
It is Solitude.
The air shimmers briefly around you.
You draw a card...
It is Swap.
You spin around.
You draw a card...
It is the Banshee.
Nothing appears to happen.
You draw a card...
It is the Warp.
You blink.
You draw a card...
It is Warpwright.
You draw a card...
It is Flight.
The deck of cards disappears in a puff of smoke.
You are now empty-handed.
You fly up into the air.
You feel quick.
You aren't carrying any items that can be evoked.
You aren't carrying any items that can be evoked.
Are you sure you want to abandon this character and quit the game? (Confirm with "yes".)

.... ##.. ... ###.#
##...########
#...<.........
#....).######
#...###..# ###
#@.######## #.
#.....#...#..
#.###%#.#.#.# #
#.#.......#...#.#
#.........#.....##
######.##.#........
#..._...........l
#.#######..##.### #
..#


There were no monsters in sight!

Vanquished Creatures
  A ball python (D:2)
  2 giant cockroaches (D:1)
  A goblin (D:2)
  2 hobgoblins (D:1)
  2 kobolds (D:1)
  5 bats (D:1)
  3 rats (D:1)
16 creatures vanquished.

Notes
Turn   | Place    | Note
--------------------------------------------------------------
     0 | D:1      | JacquesDerrida, the Gargoyle Monk, began the quest for the Orb.
     0 | D:1      | Reached XP level 1. HP: 17/17 MP: 0/0
   275 | D:1      | Reached XP level 2. HP: 22/24 MP: 1/1
   325 | D:1      | Reached skill level 5 in Unarmed Combat
   607 | D:2      | Found a sparkling altar of Nemelex Xobeh.
   614 | D:2      | Became a worshipper of Nemelex Xobeh
   614 | D:2      | Received a gift from Nemelex Xobeh
   614 | D:2      | Acquired Nemelex Xobeh's first power
   629 | D:2      | Acquired Nemelex Xobeh's second power
   643 | D:2      | Quit the game

Action                   || total
-------------------------++-------
Melee: Unarmed           ||    41
Evoke: Deck              ||    13
  Use: Scroll            ||     2
 Stab: Sleeping          ||     2
